 Dungeon Crawl Stone Soup version 0.20-a0-689-g860b9ab (webtiles) character file.

418 Laan the Chopper (level 7, -3/52 HPs)
             Began as a Formicid Fighter on Feb 19, 2017.
             Slain by Laan's ghost (12 damage)
             ... on level 4 of the Dungeon.
             The game lasted 00:04:55 (2697 turns).

Laan the Chopper (Formicid Fighter)                 Turns: 2697, Time: 00:04:55

Health: -3/52      AC: 11    Str: 27    XL:     7   Next: 16%
Magic:  7/7        EV:  6    Int:  8    God:
Gold:   196        SH: 10    Dex: 10    Spells: 6/6 levels left

rFire    . . .     SeeInvis +   a - +0 war axe
rCold    + . .     Gourm    .   w - +0 chain mail
rNeg     . . .     Faith    .   c - +0 shield
rPois    .         Spirit   .   (helmet unavailable)
rElec    .         Reflect  .   q - +0 cloak
rCorr    .         Harm     .   h - +0 pair of gloves
MR       .....                  (no boots)
Stlth    ..........             (no amulet)
Regen    0.2/turn               v - ring of protection from cold
MPRegen  0.1/turn               r - ring of stealth (curse)

@: mighty
A: permanent stasis, dig shafts and tunnels, four strong arms, antennae 3
a: Dig, Shaft Self


You were on level 4 of the Dungeon.
You were not hungry.

You visited 1 branch of the dungeon, and saw 4 of its levels.

You collected 196 gold pieces.

Inventory:

Hand Weapons
 a - a +0 war axe (weapon)
Missiles
 m - 4 tomahawks (quivered)
Armour
 b - a +0 scale mail
 c - a +0 shield (worn)
 h - a +0 pair of gloves (worn)
 q - a +0 cloak (worn)
 w - a +0 chain mail (worn)
Jewellery
 r - a cursed ring of stealth (left hand)
 v - a ring of protection from cold (right hand)
Scrolls
 i - 7 scrolls of identify {unknown}
 n - 4 scrolls of remove curse {unknown}
 o - 2 scrolls of teleportation {unknown}
 t - a scroll of fear {unknown}
Potions
 d - a potion of might
 e - 4 potions of haste {unknown}
 j - a potion of invisibility {unknown}
 l - a potion of mutation {unknown}
 p - 3 potions of berserk rage {unknown}
 u - a potion of curing {unknown}
Books
 s - a book of Necromancy

   Spells                             Type                      Level
   a - Pain                           Necromancy                   1
   b - Animate Skeleton               Necromancy                   1
   c - Vampiric Draining              Necromancy                   3
   d - Regeneration                   Charms/Necromancy            3
   e - Animate Dead                   Necromancy                   4
   f - Control Undead                 Necromancy                   4
Comestibles
 f - 4 bread rations
 g - 3 royal jellies
 k - 6 chunks of flesh


   Skills:
 - Level 3.2 Fighting
 + Level 7.2 Axes
 - Level 3.2 Armour
 - Level 3.6 Shields


You had 6 spell levels left.
You didn't know any spells.

Dungeon Overview and Level Annotations

Branches:
Dungeon (4/15)
 Temple: D:4-7

Altars:
Hepliaklqana
Zin

Annotations:
D:4 Laan's ghost, novice FoFi


Innate Abilities, Weirdness & Mutations

You cannot be hasted, slowed, berserked, paralysed or teleported.
You can dig through walls and to a lower floor.
Your four strong arms can wield two-handed weapons with a shield.
You have a pair of large antennae on your head. (SInv)


Message History

Laan's ghost barely misses you.
You hit Laan's ghost.
Laan's ghost is heavily damaged.
Laan's ghost hits you.
* * * LOW HITPOINT WARNING * * *
You hit Laan's ghost.
Laan's ghost is severely damaged.
Laan's ghost says, "Try not to bleed too much."
You block Laan's ghost's attack.
You barely miss Laan's ghost.
Laan's ghost is severely damaged.
Laan's ghost closely misses you.
Laan's ghost hits you but does no damage.
You hit Laan's ghost but do no damage.
Laan's ghost is severely damaged.
You block Laan's ghost's attack.
You hit Laan's ghost.
Laan's ghost is severely damaged.
Laan's ghost hits you!
You die...

### ##.# ..# # #.#
###
..##.##.######....
#>.[.....W........
.##.##.##@..#.#.
#.####.# ..# #
.### #. #


You could see Laan's ghost.

Vanquished Creatures
  Grinder (D:3)
  A hound (D:2)
  An orc priest (D:3)
  An orc wizard (D:3)
  6 adders
  An ooze (D:3)
  A worm (D:3)
  4 dart slugs
  2 leopard geckos
  2 orcs (D:3)
  2 ball pythons (D:3)
  4 giant cockroaches
  7 goblins
  7 hobgoblins
  2 jackals (D:1)
  10 kobolds
  A quokka (D:3)
  7 bats
  2 frilled lizards
  12 rats
74 creatures vanquished.

Notes
Turn   | Place    | Note
-------+----------+-------------------------------------------
     0 | D:1      | Laan the Formicid Fighter began the quest for the Orb.
     0 | D:1      | Reached XP level 1. HP: 18/18 MP: 1/1
    44 | D:1      | Reached XP level 2. HP: 23/24 MP: 2/2
   522 | D:1      | Reached skill level 3 in Axes
   537 | D:1      | Reached XP level 3. HP: 26/29 MP: 3/3
   777 | D:2      | Found a glowing silver altar of Zin.
  1118 | D:2      | Reached XP level 4. HP: 35/35 MP: 4/4
  1127 | D:2      | Reached skill level 4 in Axes
  1640 | D:2      | Reached skill level 5 in Axes
  1640 | D:2      | Reached XP level 5. HP: 40/41 MP: 5/5
  1654 | D:2      | Found a hazy altar of Hepliaklqana.
  1948 | D:3      | Reached XP level 6. HP: 25/47 MP: 6/6
  2204 | D:3      | Reached skill level 6 in Axes
  2407 | D:3      | Noticed Grinder
  2417 | D:3      | Killed Grinder
  2417 | D:3      | Reached skill level 7 in Axes
  2417 | D:3      | Reached XP level 7. HP: 44/52 MP: 7/7
  2677 | D:4      | Noticed Laan's ghost (novice FoFi)
  2697 | D:4      | Slain by Laan's ghost

Vault maps used:
D:1:      ncdulo_wetmaze
D:2:      lemuel_crystal_altar, lemuel_coloured_pillars_altar
D:3:      first_bread, minmay_misc_feat_columns, uniq_grinder
D:4:      kennysheep_slug_shrine, evilmike_ruin_ashenzari

Skill      XL: |  1  2  3  4  5  6 |
---------------+-------------------+-----
Axes           | 3 5 7 |  7.2
Fighting       | |  3.2
Armour         | |  3.2
Shields        | |  3.6

Action                   |  1- 3 |  4- 6 |  7- 9 || total
-------------------------+-------+-------+-------++-------
Melee: War axe           |   124 |   139 |    18 ||   281
Throw: Tomahawk          |       |     3 |     3 ||     6
  Use: Potion            |       |       |     1 ||     1
  Eat: Chunk             |     1 |     4 |     1 ||     6
Armor: Scale mail        |    66 |    48 |       ||   114
       Chain mail        |       |     1 |     2 ||     3
Dodge: Dodged            |    45 |    45 |     6 ||    96
Block: Shield            |    76 |    74 |     4 ||   154
